3R
OGALLALA OCTOPI @ NORTHWEST TERRITORY BEAVERS
07/27/2042
 
TOP OF THE 1ST
Ogallala Octopi batting - Pitching for Northwest Territory Beavers : RHP Jong-beom Park
Pitching: RHP Jong-beom Park
Batting: RHB Rodrigo Sánchez 0-0: Swinging Strike
0-1: Swinging Strike
0-2: Strikes out swinging
Batting: RHB Roberto Flores 0-0: Called Strike
0-1: Foul Ball, location: 2F
0-2: Ground out 6-3 (Groundball, 6, EV 81.9 MPH)
Batting: LHB Carlos Velardes 0-0: Ground out 5-3 (Groundball, 5L, EV 82.5 MPH)
Top of the 1st over - 0 runs, 0 hits, 0 errors, 0 left on base; Ogallala 0 - Northwest Territory 0
BOTTOM OF THE 1ST
Northwest Territory Beavers batting - Pitching for Ogallala Octopi : RHP Chris Williams
Pitching: RHP Chris Williams
Batting: RHB Ijsbert Reynoud 0-0: Foul Ball, location: 2F
0-1: Ball
1-1: Called Strike
1-2: Ball
2-2: SINGLE (Line Drive, 34D, EV 103.1 MPH)
Batting: RHB Hyun-soo Yi 0-0: Called Strike
0-1: Ball
1-1: Ball
2-1: Ball
3-1: Fly out, F9 (Line Drive, 9, EV 89.4 MPH)
Batting: RHB Ming Wang 0-0: Ball
1-0: Ball
2-0: Swinging Strike
2-1: Foul Ball, location: 2F
2-2: Foul Ball, location: 2F
2-2: SINGLE (Groundball, 4MD, EV 103.1 MPH)
Ijsbert Reynoud to second
Batting: RHB Bartolo Cortéz 0-0: Called Strike
0-1: Fly out, F6 (Popup, P, EV 81.2 MPH)
Batting: RHB Brian Day 0-0: Ball
1-0: Swinging Strike
1-1: Ball
2-1: Ball
3-1: Fly out, F1 (Line Drive, P, EV 66.2 MPH)
Bottom of the 1st over - 0 runs, 2 hits, 0 errors, 2 left on base; Ogallala 0 - Northwest Territory 0
TOP OF THE 2ND
Ogallala Octopi batting - Pitching for Northwest Territory Beavers : RHP Jong-beom Park
Batting: RHB Jim Wood 0-0: Ball
1-0: Ball
2-0: Called Strike
2-1: Called Strike
2-2: Strikes out swinging
Batting: RHB Bill Uttley 0-0: Called Strike
0-1: Fly out, F8 (Flyball, 8RM, EV 88.1 MPH)
Batting: RHB Pedro Sánchez 0-0: Ball
1-0: Foul Ball, location: 2F
1-1: Called Strike
1-2: Foul Ball, location: 2F
1-2: Ball
2-2: Foul Ball, location: 2F
2-2: Ball
3-2: Ground out 5-3 (Groundball, 56, EV 76.2 MPH)
Top of the 2nd over - 0 runs, 0 hits, 0 errors, 0 left on base; Ogallala 0 - Northwest Territory 0
BOTTOM OF THE 2ND
Northwest Territory Beavers batting - Pitching for Ogallala Octopi : RHP Chris Williams
Batting: RHB Jessie Hall 0-0: Ball
1-0: Foul Ball, location: 2F
1-1: Foul Ball, location: 2F
1-2: Ball
2-2: Ground out 6-3 (Groundball, 6, EV 85.0 MPH)
Batting: RHB John Warren 0-0: Ball
1-0: SINGLE (Groundball, 6MD, EV 100.0 MPH)
Batting: RHB Jean-Pierre Alix 0-0: Grounds into double play, 4-6-3 (Groundball, 4M, EV 104.4 MPH)
Bottom of the 2nd over - 0 runs, 1 hit, 0 errors, 0 left on base; Ogallala 0 - Northwest Territory 0
TOP OF THE 3RD
Ogallala Octopi batting - Pitching for Northwest Territory Beavers : RHP Jong-beom Park
Batting: SHB Lyonya Wanyushin 0-0: Swinging Strike
0-1: SINGLE (Line Drive, 6D, EV 104.4 MPH)
Batting: RHB Tetsuhiko Baba 0-0: Called Strike
0-1: Ball
1-1: Grounds into double play, 5-4-3 (Groundball, 5, EV 83.1 MPH)
Batting: RHB Ricardo Pérez 0-0: Ball
1-0: Ball
2-0: Called Strike
2-1: Reached on error, E5 (Groundball, 56S, EV 93.8 MPH)
Batting: RHB Rodrigo Sánchez 0-0: Ball
1-0: Foul Ball, location: 2F
1-1: Ball
2-1: Ball
3-1: Base on Balls
Ricardo Pérez to second
Batting: RHB Roberto Flores 0-0: Ball
1-0: Ball
2-0: Fielders Choice at 2nd, 6-4 (Groundball, 6, EV 80.6 MPH)
Top of the 3rd over - 0 runs, 1 hit, 1 error, 2 left on base; Ogallala 0 - Northwest Territory 0
BOTTOM OF THE 3RD
Northwest Territory Beavers batting - Pitching for Ogallala Octopi : RHP Chris Williams
Batting: RHB Ramón Moreno 0-0: Called Strike
0-1: Ball
1-1: Foul Ball, location: 2F
1-2: Strikes out swinging
Batting: RHB Ijsbert Reynoud 0-0: Fly out, F8 (Line Drive, 8LD, EV 90.6 MPH)
Batting: RHB Hyun-soo Yi 0-0: Called Strike
0-1: Fly out, F8 (Line Drive, 8RM, EV 95.6 MPH)
Bottom of the 3rd over - 0 runs, 0 hits, 0 errors, 0 left on base; Ogallala 0 - Northwest Territory 0
TOP OF THE 4TH
Ogallala Octopi batting - Pitching for Northwest Territory Beavers : RHP Jong-beom Park
Batting: LHB Carlos Velardes 0-0: Foul Ball, location: 2F
0-1: Swinging Strike
0-2: Ball
1-2: Strikes out looking
Batting: RHB Jim Wood 0-0: Called Strike
0-1: Foul Ball, location: 2F
0-2: Foul Ball, location: 2F
0-2: Strikes out swinging
Batting: RHB Bill Uttley 0-0: Ball
1-0: Foul Ball, location: 2F
1-1: Ball
2-1: Foul Ball, location: 2F
2-2: Foul Ball, location: 2F
2-2: Ball
3-2: Strikes out looking
Top of the 4th over - 0 runs, 0 hits, 0 errors, 0 left on base; Ogallala 0 - Northwest Territory 0
BOTTOM OF THE 4TH
Northwest Territory Beavers batting - Pitching for Ogallala Octopi : RHP Chris Williams
Batting: RHB Ming Wang 0-0: Called Strike
0-1: Ball
1-1: Ball
2-1: Foul Ball, location: 2F
2-2: Ball
3-2: Fly out, F8 (Flyball, 8LS, EV 96.2 MPH)
Batting: RHB Bartolo Cortéz 0-0: Ball
1-0: Ball
2-0: Ball
3-0: Base on Balls
Batting: RHB Brian Day 0-0: Ball
1-0: Fly out, F8 (Flyball, 89D, EV 95.0 MPH)
Batting: RHB Jessie Hall 0-0: Ball
1-0: Ground out 2-3 (Groundball, 15S, EV 72.5 MPH)
Bottom of the 4th over - 0 runs, 0 hits, 0 errors, 1 left on base; Ogallala 0 - Northwest Territory 0
TOP OF THE 5TH
Ogallala Octopi batting - Pitching for Northwest Territory Beavers : RHP Jong-beom Park
Batting: RHB Pedro Sánchez 0-0: Ground out 1-3 (Groundball, P, EV 85.6 MPH)
Batting: SHB Lyonya Wanyushin 0-0: Foul Ball, location: 2F
0-1: Ball
1-1: Foul Ball, location: 2F
1-2: Ground out 4-3 (Groundball, 4, EV 87.5 MPH)
Batting: RHB Tetsuhiko Baba 0-0: Called Strike
0-1: Ball
1-1: Foul Ball, location: 2F
1-2: SINGLE (Groundball, 4S, EV 83.8 MPH) (infield hit)
Batting: RHB Ricardo Pérez 0-0: Called Strike
0-1: Called Strike
0-2: Ground out 4-3 (Groundball, 4, EV 91.2 MPH)
Top of the 5th over - 0 runs, 1 hit, 0 errors, 1 left on base; Ogallala 0 - Northwest Territory 0
BOTTOM OF THE 5TH
Northwest Territory Beavers batting - Pitching for Ogallala Octopi : RHP Chris Williams
Batting: RHB John Warren 0-0: Ball
1-0: Ball
2-0: Ball
3-0: Base on Balls
Batting: RHB Jean-Pierre Alix 0-0: Fly out, F9 (Line Drive, 9, EV 108.1 MPH)
Batting: RHB Ramón Moreno 0-0: Ball
1-0: Swinging Strike
1-1: SINGLE (Groundball, 6MD, EV 106.9 MPH)
John Warren to second
Batting: RHB Ijsbert Reynoud 0-0: Called Strike
0-1: Foul Ball, location: 2F
0-2: Ball
1-2: Strikes out swinging
Batting: RHB Hyun-soo Yi 0-0: Called Strike
0-1: Fly out, F7 (Flyball, 7, EV 92.5 MPH)
Bottom of the 5th over - 0 runs, 1 hit, 0 errors, 2 left on base; Ogallala 0 - Northwest Territory 0
TOP OF THE 6TH
Ogallala Octopi batting - Pitching for Northwest Territory Beavers : RHP Jong-beom Park
Batting: RHB Rodrigo Sánchez 0-0: SINGLE (Groundball, 6MD, EV 98.8 MPH)
Batting: RHB Roberto Flores 0-0: Bunt missed!
0-1: Sac Bunt to 13 - play at second, runner OUT! 1-6
Batting: LHB Carlos Velardes 0-0: Called Strike
0-1: Ball
1-1: Ball
2-1: Foul Ball, location: 2F
2-2: Foul Ball, location: 2F
2-2: Fielders Choice at 2nd, 4-6 (Groundball, 4, EV 90.0 MPH)
Batting: RHB Jim Wood 0-0: Ball
1-0: Swinging Strike
1-1: Ball
2-1: Ball
3-1: Fielders Choice at 2nd, 5-4 (Groundball, 5, EV 80.0 MPH)
Top of the 6th over - 0 runs, 1 hit, 0 errors, 1 left on base; Ogallala 0 - Northwest Territory 0
BOTTOM OF THE 6TH
Northwest Territory Beavers batting - Pitching for Ogallala Octopi : RHP Chris Williams
Batting: RHB Ming Wang 0-0: Ball
1-0: Foul Ball, location: 2F
1-1: Ball
2-1: Called Strike
2-2: Strikes out looking
Batting: RHB Bartolo Cortéz 0-0: Called Strike
0-1: Foul Ball, location: 2F
0-2: Ball
1-2: Strikes out swinging
Batting: RHB Brian Day 0-0: Fly out, F4 (Popup, 34, EV 56.9 MPH)
Bottom of the 6th over - 0 runs, 0 hits, 0 errors, 0 left on base; Ogallala 0 - Northwest Territory 0
TOP OF THE 7TH
Ogallala Octopi batting - Pitching for Northwest Territory Beavers : RHP Jong-beom Park
Pitching: RHP Marlon Harris
Batting: RHB Bill Uttley 0-0: Ball
1-0: Foul Ball, location: 2F
1-1: Ball
2-1: Called Strike
2-2: Strikes out swinging
Batting: RHB Pedro Sánchez 0-0: Called Strike
0-1: Ball
1-1: Ball
2-1: Swinging Strike
2-2: Strikes out swinging
Batting: SHB Lyonya Wanyushin 0-0: Ball
1-0: Ball
2-0: Swinging Strike
2-1: Ball
3-1: Swinging Strike
3-2: Foul Ball, location: 2F
3-2: Strikes out swinging, 2-3 out at first.
Top of the 7th over - 0 runs, 0 hits, 0 errors, 0 left on base; Ogallala 0 - Northwest Territory 0
BOTTOM OF THE 7TH
Northwest Territory Beavers batting - Pitching for Ogallala Octopi : RHP Chris Williams
Batting: RHB Jessie Hall 0-0: Foul Ball, location: 2F
0-1: Foul Ball, location: 2F
0-2: Foul Ball, location: 2F
0-2: Foul Ball, location: 2F
0-2: Ball
1-2: SINGLE (Line Drive, 78M, EV 91.2 MPH)
Batting: RHB John Warren 0-0: Ball
1-0: Bunted foul
1-1: Ball
2-1: Bunted foul
2-2: Ground out 5-3 (Groundball, 56S, EV 82.5 MPH)
Jessie Hall to second
Batting: RHB Jean-Pierre Alix 0-0: Foul Ball, location: 2F
0-1: Foul Ball, location: 2F
0-2: Strikes out swinging
Batting: RHB Ramón Moreno 0-0: Ball
1-0: Foul Ball, location: 2F
1-1: Fly out, F3 (Popup, 3SF, EV 71.2 MPH)
Bottom of the 7th over - 0 runs, 1 hit, 0 errors, 1 left on base; Ogallala 0 - Northwest Territory 0
TOP OF THE 8TH
Ogallala Octopi batting - Pitching for Northwest Territory Beavers : RHP Marlon Harris
Batting: RHB Tetsuhiko Baba 0-0: Foul Ball, location: 2F
0-1: Foul Ball, location: 2F
0-2: Ball
1-2: Ball
2-2: Fly out, F9 (Line Drive, 9D, EV 84.4 MPH)
Batting: RHB Ricardo Pérez 0-0: Fly out, F9 (Flyball, 9D, EV 100.6 MPH)
Batting: RHB Rodrigo Sánchez 0-0: Ball
1-0: Swinging Strike
1-1: Fly out, F9 (Flyball, 9LSF, EV 95.6 MPH)
Top of the 8th over - 0 runs, 0 hits, 0 errors, 0 left on base; Ogallala 0 - Northwest Territory 0
BOTTOM OF THE 8TH
Northwest Territory Beavers batting - Pitching for Ogallala Octopi : RHP Chris Williams
Batting: RHB Ijsbert Reynoud 0-0: Called Strike
0-1: Ball
1-1: Foul Ball, location: 2F
1-2: Foul Ball, location: 2F
1-2: Foul Ball, location: 2F
1-2: Foul Ball, location: 2F
1-2: Ball
2-2: Ground out 2-3 (Groundball, 15S, EV 67.5 MPH)
Pitching: RHP Roberto Esparza
Batting: RHB Hyun-soo Yi 0-0: Called Strike
0-1: Ball
1-1: Ball
2-1: Foul Ball, location: 2F
2-2: Strikes out looking
Batting: RHB Ming Wang 0-0: Ball
1-0: Swinging Strike
1-1: Ball
2-1: Foul Ball, location: 2F
2-2: Ball
3-2: Ground out 3-1 (Groundball, 34, EV 91.2 MPH)
Bottom of the 8th over - 0 runs, 0 hits, 0 errors, 0 left on base; Ogallala 0 - Northwest Territory 0
TOP OF THE 9TH
Ogallala Octopi batting - Pitching for Northwest Territory Beavers : RHP Marlon Harris
Pinch Hitting: LHB Claudio Guzmán 0-0: Foul Ball, location: 2F
0-1: Ball
1-1: Ball
2-1: Swinging Strike
2-2: Hit by Pitch
Batting: LHB Carlos Velardes 0-0: Called Strike
0-1: Ball
1-1: Ball
2-1: Foul Ball, location: 2F
2-2: Foul Ball, location: 2F
2-2: Ball
3-2: Foul Ball, location: 2F
3-2: Fly out, F9 (Flyball, 9LMF, EV 90.6 MPH)
Pitching: RHP Aaron Rigsby
Batting: RHB Jim Wood 0-0: Ball
1-0: Fielders Choice at 2nd, 6-4 (Groundball, 6S, EV 90.6 MPH)
Batting: RHB Bill Uttley 0-0: Ball
1-0: Called Strike
Jim Wood is caught stealing 2nd base 2-4
Top of the 9th over - 0 runs, 0 hits, 0 errors, 0 left on base; Ogallala 0 - Northwest Territory 0
BOTTOM OF THE 9TH
Northwest Territory Beavers batting - Pitching for Ogallala Octopi : RHP Roberto Esparza
Now in CF: Gianni Schaar
Batting: RHB Bartolo Cortéz 0-0: Ball
1-0: Fly out, F9 (Flyball, 9, EV 88.1 MPH)
Batting: RHB Brian Day 0-0: Fly out, F9 (Flyball, 89M, EV 86.9 MPH)
Batting: RHB Jessie Hall 0-0: Ball
1-0: Foul Ball, location: 2F
1-1: Swinging Strike
1-2: Ball
2-2: Ball
3-2: Foul Ball, location: 2F
3-2: Foul Ball, location: 2F
3-2: Strikes out swinging
Bottom of the 9th over - 0 runs, 0 hits, 0 errors, 0 left on base; Ogallala 0 - Northwest Territory 0
TOP OF THE 10TH
Ogallala Octopi batting - Pitching for Northwest Territory Beavers : RHP Aaron Rigsby
Batting: RHB Bill Uttley 0-0: Ground out 5-3 (Groundball, 56S, EV 68.1 MPH)
Batting: RHB Pedro Sánchez 0-0: Ball
1-0: Ball
2-0: SINGLE (Groundball, 34, EV 88.1 MPH) (infield hit)
Batting: SHB Lyonya Wanyushin 0-0: Swinging Strike
0-1: Ball
1-1: Foul Ball, location: 2F
1-2: Foul Ball, location: 2F
1-2: Ball
2-2: Ball
3-2: Fly out, F7 (Flyball, 7, EV 78.1 MPH)
Batting: RHB Tetsuhiko Baba 0-0: Ball
1-0: Ball
2-0: Ball
3-0: Called Strike
3-1: Base on Balls
Pedro Sánchez to second
Pinch Runner at 2nd Jim Kelley:
Pinch Hitting: LHB Jamie Padgett 0-0: Foul Ball, location: 2F
0-1: Foul Ball, location: 2F
0-2: Ball
1-2: Ball
2-2: Strikes out looking
Top of the 10th over - 0 runs, 1 hit, 0 errors, 2 left on base; Ogallala 0 - Northwest Territory 0
BOTTOM OF THE 10TH
Northwest Territory Beavers batting - Pitching for Ogallala Octopi : RHP Roberto Esparza
Now at C: Gabriel Ruíz
Now at 3B: Jamie Padgett
Batting: RHB John Warren 0-0: Ball
1-0: Ball
2-0: Called Strike
2-1: Swinging Strike
2-2: Strikes out looking
Batting: RHB Jean-Pierre Alix 0-0: Ball
1-0: Called Strike
1-1: Foul Ball, location: 2F
1-2: Foul Ball, location: 2F
1-2: Strikes out looking
Batting: RHB Ramón Moreno 0-0: Ball
1-0: Ball
2-0: Called Strike
2-1: Foul Ball, location: 2F
2-2: Foul Ball, location: 2F
2-2: Ball
3-2: Foul Ball, location: 2F
3-2: Fly out, F9 (Flyball, 9LSF, EV 90.6 MPH)
Bottom of the 10th over - 0 runs, 0 hits, 0 errors, 0 left on base; Ogallala 0 - Northwest Territory 0
TOP OF THE 11TH
Ogallala Octopi batting - Pitching for Northwest Territory Beavers : RHP Aaron Rigsby
Batting: RHB Rodrigo Sánchez 0-0: Ball
1-0: Ball
2-0: Called Strike
2-1: Ball
3-1: Called Strike
3-2: Fly out, F9 (Line Drive, 9, EV 98.1 MPH)
Batting: SHB Gianni Schaar 0-0: Ball
1-0: Ball
2-0: Ball
3-0: Called Strike
3-1: Swinging Strike
3-2: Strikes out swinging
Batting: LHB Carlos Velardes 0-0: Ball
1-0: Ball
2-0: Swinging Strike
2-1: Foul Ball, location: 2F
2-2: Strikes out swinging
Top of the 11th over - 0 runs, 0 hits, 0 errors, 0 left on base; Ogallala 0 - Northwest Territory 0
BOTTOM OF THE 11TH
Northwest Territory Beavers batting - Pitching for Ogallala Octopi : RHP Roberto Esparza
Batting: RHB Ijsbert Reynoud 0-0: Called Strike
0-1: SINGLE (Line Drive, 8LS, EV 88.8 MPH)
Pitching: LHP Juan Hernández
Batting: RHB Hyun-soo Yi 0-0: Ball
1-0: Ball
2-0: Ball
3-0: Called Strike
3-1: Bunted foul
3-2: Strikes out swinging
Batting: RHB Ming Wang 0-0: Ball
1-0: Foul Ball, location: 2F
1-1: Foul Ball, location: 2F
1-2: Ball
2-2: Ball
3-2: SINGLE (Flyball, 5D, EV 86.2 MPH)
Ijsbert Reynoud to second
Batting: RHB Bartolo Cortéz 0-0: Fielders Choice at 2nd, 2-4 (Groundball, 2L, EV 58.8 MPH)
Ijsbert Reynoud to third
Batting: RHB Brian Day 0-0: Fly out, F9 (Flyball, 89M, EV 89.4 MPH)
Bottom of the 11th over - 0 runs, 2 hits, 0 errors, 2 left on base; Ogallala 0 - Northwest Territory 0
TOP OF THE 12TH
Ogallala Octopi batting - Pitching for Northwest Territory Beavers : RHP Aaron Rigsby
Batting: RHB Jim Wood 0-0: Swinging Strike
0-1: Ball
1-1: Swinging Strike
1-2: Strikes out swinging
Batting: RHB Bill Uttley 0-0: Ball
1-0: Called Strike
1-1: Ball
2-1: Ground out 6-3 (Groundball, 6, EV 88.8 MPH)
Batting: SHB Gabriel Ruíz 0-0: Swinging Strike
0-1: Ground out 4-3 (Groundball, 4, EV 96.9 MPH)
Top of the 12th over - 0 runs, 0 hits, 0 errors, 0 left on base; Ogallala 0 - Northwest Territory 0
BOTTOM OF THE 12TH
Northwest Territory Beavers batting - Pitching for Ogallala Octopi : LHP Juan Hernández
Batting: RHB Jessie Hall 0-0: Ball
1-0: Reached on error, E5 (Groundball, 56S, EV 84.4 MPH)
Batting: RHB John Warren 0-0: Sac Bunt to 5S - play at first, batter OUT! 5-4
Jessie Hall to second
Batting: RHB Jean-Pierre Alix 0-0: Foul Ball, location: 2F
0-1: Ball
1-1: Ball
2-1: Called Strike
2-2: Strikes out looking
Batting: RHB Ramón Moreno 0-0: Called Strike
0-1: Ball
1-1: Ground out 5-3 (Groundball, 56, EV 79.4 MPH)
Bottom of the 12th over - 0 runs, 0 hits, 1 error, 1 left on base; Ogallala 0 - Northwest Territory 0
TOP OF THE 13TH
Ogallala Octopi batting - Pitching for Northwest Territory Beavers : RHP Aaron Rigsby
Batting: SHB Lyonya Wanyushin 0-0: Called Strike
0-1: Ball
1-1: Foul Ball, location: 2F
1-2: Foul Ball, location: 2F
1-2: Ball
2-2: DOUBLE (Line Drive, 89D, EV 106.9 MPH)
Pitching: RHP Fernando Sandoval
Batting: RHB Tetsuhiko Baba 0-0: Ball
1-0: Fly out, F5 (Popup, 5S, EV 70.6 MPH)
Batting: LHB Jamie Padgett 0-0: Ground out 4-3 (Groundball, 4, EV 85.0 MPH)
Lyonya Wanyushin to third
Batting: RHB Rodrigo Sánchez 0-0: Intentional Walk
Batting: SHB Gianni Schaar 0-0: Ground out 4-3 (Groundball, 34, EV 76.2 MPH)
Top of the 13th over - 0 runs, 1 hit, 0 errors, 2 left on base; Ogallala 0 - Northwest Territory 0
BOTTOM OF THE 13TH
Northwest Territory Beavers batting - Pitching for Ogallala Octopi : LHP Juan Hernández
Batting: RHB Ijsbert Reynoud 0-0: Called Strike
0-1: Ball
1-1: SINGLE (Groundball, 4MD, EV 99.4 MPH)
Batting: RHB Hyun-soo Yi 0-0: Ball
1-0: Swinging Strike
1-1: Called Strike
1-2: Fielders Choice at 2nd, 6-4 (Groundball, 6, EV 82.5 MPH)
Batting: RHB Ming Wang 0-0: Ball
1-0: Called Strike
1-1: Ball
2-1: Foul Ball, location: 2F
2-2: Strikes out looking
Batting: RHB Bartolo Cortéz 0-0: Called Strike
0-1: Foul Ball, location: 2F
0-2: Ball
1-2: Ground out 6-3 (Groundball, 6, EV 90.0 MPH)
Bottom of the 13th over - 0 runs, 1 hit, 0 errors, 1 left on base; Ogallala 0 - Northwest Territory 0
TOP OF THE 14TH
Ogallala Octopi batting - Pitching for Northwest Territory Beavers : RHP Fernando Sandoval
Batting: LHB Carlos Velardes 0-0: Fly out, F9 (Flyball, 89D, EV 104.4 MPH)
Batting: RHB Jim Wood 0-0: Foul Ball, location: 2F
0-1: SINGLE (Groundball, 6MD, EV 108.1 MPH)
Batting: RHB Bill Uttley 0-0: Ball
1-0: Swinging Strike
1-1: Called Strike
1-2: Strikes out looking
Batting: SHB Gabriel Ruíz 0-0: Ball
1-0: Called Strike
1-1: Ball
2-1: Foul Ball, location: 2F
2-2: Ground out U3 (Groundball, 3, EV 78.8 MPH)
Top of the 14th over - 0 runs, 1 hit, 0 errors, 1 left on base; Ogallala 0 - Northwest Territory 0
BOTTOM OF THE 14TH
Northwest Territory Beavers batting - Pitching for Ogallala Octopi : LHP Juan Hernández
Batting: RHB Brian Day 0-0: Fly out, F8 (Flyball, 8LXD, EV 92.5 MPH)
Batting: RHB Jessie Hall 0-0: Ball
1-0: Foul Ball, location: 2F
1-1: Called Strike
1-2: Ball
2-2: Ball
3-2: Ground out 4-3 (Groundball, 34, EV 99.4 MPH)
Batting: RHB John Warren 0-0: Called Strike
0-1: Ground out 4-3 (Groundball, 34, EV 99.4 MPH)
Bottom of the 14th over - 0 runs, 0 hits, 0 errors, 0 left on base; Ogallala 0 - Northwest Territory 0
TOP OF THE 15TH
Ogallala Octopi batting - Pitching for Northwest Territory Beavers : RHP Fernando Sandoval
Batting: SHB Lyonya Wanyushin 0-0: Called Strike
0-1: Ground out 4-3 (Groundball, 34, EV 84.4 MPH)
Batting: RHB Tetsuhiko Baba 0-0: Ball
1-0: Called Strike
1-1: Ball
2-1: SINGLE (Line Drive, 4D, EV 105.0 MPH)
Batting: LHB Jamie Padgett 0-0: Foul Ball, location: 2F
0-1: Foul Ball, location: 2F
0-2: Fielders Choice at 2nd, 1-6 (Groundball, 13S, EV 75.0 MPH)
Batting: RHB Rodrigo Sánchez 0-0: Ball
Jamie Padgett steals 2nd base
1-0: Intentional Walk
Batting: SHB Gianni Schaar 0-0: Called Strike
0-1: Ball
1-1: Foul Ball, location: 2F
1-2: Strikes out swinging
Top of the 15th over - 0 runs, 1 hit, 0 errors, 2 left on base; Ogallala 0 - Northwest Territory 0
BOTTOM OF THE 15TH
Northwest Territory Beavers batting - Pitching for Ogallala Octopi : LHP Juan Hernández
Batting: RHB Jean-Pierre Alix 0-0: Ball
1-0: Fly out, F9 (Flyball, 89S, EV 92.5 MPH)
Batting: RHB Ramón Moreno 0-0: Called Strike
0-1: Ball
1-1: Swinging Strike
1-2: Ball
2-2: Ground out 6-3 (Groundball, 6, EV 104.4 MPH)
Batting: RHB Ijsbert Reynoud 0-0: Swinging Strike
0-1: Ball
1-1: Called Strike
1-2: Ball
2-2: Strikes out looking
Bottom of the 15th over - 0 runs, 0 hits, 0 errors, 0 left on base; Ogallala 0 - Northwest Territory 0
TOP OF THE 16TH
Ogallala Octopi batting - Pitching for Northwest Territory Beavers : RHP Fernando Sandoval
Batting: LHB Carlos Velardes 0-0: Called Strike
0-1: SINGLE (Flyball, 8RS, EV 83.1 MPH)
Pitching: RHP Dirk Blassneck
Batting: RHB Jim Wood 0-0: Ball
1-0: Swinging Strike
1-1: Foul Ball, location: 2F
1-2: Ball
2-2: Ball
Carlos Velardes steals 2nd base
3-2: Strikes out swinging
Batting: RHB Bill Uttley 0-0: Intentional Walk
Batting: SHB Gabriel Ruíz 0-0: Ball
1-0: Called Strike
1-1: Foul Ball, location: 2F
1-2: 3-RUN HOME RUN (Flyball, 89XD, EV 95.0 MPH), Distance : 400 ft
Batting: SHB Lyonya Wanyushin 0-0: Ball
1-0: Foul Ball, location: 2F
1-1: Fly out, F9 (Flyball, 9S, EV 80.0 MPH)
Batting: RHB Tetsuhiko Baba 0-0: Ball
1-0: Ball
2-0: Called Strike
2-1: Foul Ball, location: 2F
2-2: Strikes out swinging
Top of the 16th over - 3 runs, 2 hits, 0 errors, 0 left on base; Ogallala 3 - Northwest Territory 0
BOTTOM OF THE 16TH
Northwest Territory Beavers batting - Pitching for Ogallala Octopi : LHP Juan Hernández
Batting: RHB Hyun-soo Yi 0-0: Called Strike
0-1: Ball
1-1: Ball
2-1: Called Strike
2-2: Ball
3-2: Fly out, F9 (Flyball, 9D, EV 101.9 MPH)
Pitching: RHP George Murray
Batting: RHB Ming Wang 0-0: Ball
1-0: Foul Ball, location: 2F
1-1: Swinging Strike
1-2: Ball
2-2: Fly out, F8 (Flyball, 8LD, EV 74.4 MPH)
Batting: RHB Bartolo Cortéz 0-0: Ball
1-0: Swinging Strike
1-1: Foul Ball, location: 2F
1-2: Foul Ball, location: 2F
1-2: Ball
2-2: Ball
3-2: Strikes out looking
Bottom of the 16th over - 0 runs, 0 hits, 0 errors, 0 left on base; Ogallala 3 - Northwest Territory 0
Friday, March 26th, 2021 - OOTP Baseball 20.8 Build 74